[Event "Titled Tuesday Blitz April 26 Early 2022"]
[White "Lach, Aleksandra"]
[Black "Narayanan, Srinath"]
[WhiteFideId "1134299"]
[BlackFideId "5018420"]
[WhiteElo "2172"]
[BlackElo "2472"]
[Result "1-0"]
[Round "01"]
[TimeControl "180+1"]
[Date "2022.04.26"]
[WhiteClock "0:00:44"]
[BlackClock "0:00:11"]

1. e4 c5 2. Nc3 Nc6 3. Bb5 Nd4 4. Nf3 e6 5. O-O a6 6. Bd3 Nf6 7. e5 Ng8 8. Nxd4 cxd4 9. Ne2 Bc5 10. c3 dxc3 11. dxc3 Ne7 12. b4 Ba7 13. Bg5 d5 14. exd6 f6 15. dxe7 Qxe7 16. Be3 Bb8 17. Ng3 O-O 18. Qh5 f5 19. f4 a5 20. a3 Rd8 21. Bc4 Qc7 22. Qe2 b5 23. Bxb5 Qxc3 24. Rad1 Rf8 25. Rd3 Qc7 26. Rc1 Qf7 27. Bc6 Bb7 28. b5 a4 29. Bc5 Ba7 30. Bxa7 Rxa7 31. Rd7 Qf6 32. Rxb7 Rxb7 33. Bxb7 Qd4+ 34. Kh1 Qxf4 35. Qxe6+ Kh8 36. Rf1 Qd2 37. Bc6 Qd3 38. Qe7 Rg8 39. Qd7 Qxa3 40. Qxf5 Qb4 41. Bd5 Rd8 42. Be4 1-0


[Site "https://www.chess.com"]

[Event "Titled Tuesday Blitz April 26 Early 2022"]
[White "Lazavik, Denis"]
[Black "Pinheiro, Iung Alicio de O."]
[WhiteFideId "13515110"]
[BlackFideId "2104350"]
[WhiteElo "2437"]
[BlackElo "2483"]
[Result "1-0"]
[Round "01"]
[TimeControl "180+1"]
[Date "2022.04.26"]
[WhiteClock "0:01:00"]
[BlackClock "0:00:08"]

1. d4 Nf6 2. c4 g6 3. Nc3 d5 4. Bf4 Bg7 5. e3 O-O 6. cxd5 Nxd5 7. Nxd5 Qxd5 8. Bxc7 Na6 9. Bxa6 bxa6 10. Nf3 a5 11. O-O Ba6 12. Re1 Rfc8 13. Be5 f6 14. Bg3 Qb7 15. Qd2 a4 16. Rec1 Bc4 17. Ne1 Bd5 18. f3 Rxc1 19. Qxc1 Rc8 20. Qd2 Qc6 21. Nd3 Qc2 22. Qxc2 Rxc2 23. Nb4 Rxb2 24. Nxd5 Kf7 25. a3 e6 26. Nc3 Bh6 27. Bf2 Bf8 28. Nxa4 Rc2 29. Nc5 e5 30. a4 f5 31. Kf1 f4 32. Nd3 exd4 33. exd4 g5 34. a5 Bd6 35. a6 Ke6 36. d5+ Kxd5 37. Bxa7 Rd2 38. Bf2 Bb8 39. Nb4+ Kc4 40. Nc6 Bd6 41. a7 1-0


[Site "https://www.chess.com"]

[Event "Titled Tuesday Blitz April 26 Early 2022"]
[White "Legenia, Artem"]
[Black "Solovchuk, Oleksiy"]
[WhiteFideId "14136945"]
[BlackFideId "14115220"]
[WhiteElo "1936"]
[BlackElo "2305"]
[Result "0-1"]
[Round "01"]
[TimeControl "180+1"]
[Date "2022.04.26"]
[WhiteClock "0:00:03"]
[BlackClock "0:00:14"]

1. b4 c6 2. Bb2 Qb6 3. Bc3 Nf6 4. e3 Nd5 5. a3 Nxc3 6. Nxc3 g6 7. Nf3 Bg7 8. d4 a5 9. Rb1 axb4 10. axb4 d6 11. Bd3 Nd7 12. O-O O-O 13. b5 c5 14. Nd5 Qd8 15. c4 Nb6 16. Nxb6 Qxb6 17. d5 Ra3 18. Qe2 Bg4 19. Rfd1 Rfa8 20. h3 Bd7 21. e4 Ra2 22. Rd2 Qa5 23. Rbd1 Bc3 24. Rc2 Rxc2 25. Qxc2 Qa3 26. Rb1 Bg7 27. Re1 Qa2 28. e5 Qxc2 29. Bxc2 Ra2 30. Bd3 Ra3 31. Bf1 Kf8 32. exd6 exd6 33. Ng5 h6 34. Ne4 Be5 35. Nxc5 Bc8 36. Nd3 Bd4 37. Rd1 Ra2 38. Re1 Bf5 39. Re2 Ra1 40. Re1 Ra4 41. Rc1 Ra2 42. Rd1 Bxd3 43. Bxd3 Bxf2+ 44. Kh1 Kg7 45. Rf1 Bc5 46. Re1 b6 47. Re2 Ra1+ 48. Kh2 h5 49. Be4 Rc1 50. Bd3 f5 51. Re7+ Kf8 52. Re6 h4 53. g3 hxg3+ 54. Kxg3 Rc3 55. Rxg6 Rxd3+ 56. Kf4 Kf7 57. Rh6 Kg7 58. Re6 Rxh3 59. Kxf5 Rh4 60. Re7+ Kf8 61. Rd7 Ke8 62. Rb7 Kd8 63. Ke6 Re4+ 64. Kf6 Rxc4 65. Rh7 Rf4+ 66. Ke6 Re4+ 67. Kf6 Bd4+ 68. Kf5 Re7 69. Rh4 Bc5 70. Ra4 Re5+ 71. Kf6 Rxd5 72. Ra8+ Kc7 73. Ra7+ Kc8 74. Rf7 Re5 75. Rh7 Re3 76. Rh8+ Kd7 77. Rh7+ Kd8 78. Rh8+ Re8 79. Rh7 d5 0-1


[Site "https://www.chess.com"]

[Event "Titled Tuesday Blitz April 26 Early 2022"]
[White "Leiva, Gianmarco"]
[Black "Minko, Dmitry"]
[WhiteFideId "3804399"]
[BlackFideId "24188468"]
[WhiteElo "2323"]
[BlackElo "1928"]
[Result "1-0"]
[Round "01"]
[TimeControl "180+1"]
[Date "2022.04.26"]
[WhiteClock "0:00:09"]
[BlackClock "0:00:02"]

1. e4 e5 2. Nf3 Nc6 3. Bc4 Bc5 4. O-O Nf6 5. d3 d6 6. c3 a6 7. Re1 h6 8. Bb3 Ba7 9. Nbd2 O-O 10. h3 Re8 11. Nf1 Be6 12. Bc2 Ne7 13. Ng3 Ng6 14. d4 c6 15. Be3 Qc7 16. Qd2 Rad8 17. Rad1 d5 18. exd5 Nxd5 19. Bxg6 fxg6 20. Nxe5 Nxe3 21. fxe3 Bxa2 22. Qc2 Bf7 23. Kh1 Rxe5 24. dxe5 Rxd1 25. Qxd1 Qxe5 26. Qf3 g5 27. Rf1 Bg6 28. Qf8+ Kh7 29. Nf5 Bxf5 30. Qxf5+ Qxf5 31. Rxf5 Bxe3 32. Rf7 b6 33. Rc7 c5 34. Rc6 b5 35. Rxa6 Bc1 36. b3 b4 37. cxb4 cxb4 38. Rb6 Bd2 39. Rd6 Bc3 40. Rc6 g6 41. g4 h5 42. Kg2 Kg7 43. Kf3 1-0


[Site "https://www.chess.com"]

[Event "Titled Tuesday Blitz April 26 Early 2022"]
[White "Lewicki, Miroslaw"]
[Black "Antonio, Jorge Carlos"]
[WhiteFideId "1113380"]
[BlackFideId "113190"]
[WhiteElo "2283"]
[BlackElo "2247"]
[Result "1-0"]
[Round "01"]
[TimeControl "180+1"]
[Date "2022.04.26"]
[WhiteClock "0:01:31"]
[BlackClock "0:01:36"]

1. b3 e5 2. c3 Nc6 3. Qc2 d6 4. Qb2 f5 5. g3 Nf6 6. Bg2 g6 7. d4 e4 8. d5 Ne5 9. c4 Bg7 10. Nc3 O-O 11. Nh3 Neg4 12. O-O Qe7 13. e3 Ne5 14. Bd2 Nd3 15. Qc2 a6 16. Rad1 Ng4 17. Nf4 Nge5 18. Nce2 g5 19. Nh3 h6 20. Nd4 Ng4 21. Bc3 b6 22. Qe2 Bd7 23. Rd2 Nge5 24. Rfd1 Rf7 25. Qf1 Raf8 26. Nc6 Bxc6 27. dxc6 Nxc6 28. Bxg7 Kxg7 29. Rxd3 exd3 30. Bxc6 f4 31. exf4 gxf4 32. Nxf4 Qg5 33. Ne6+ 1-0


[Site "https://www.chess.com"]

[Event "Titled Tuesday Blitz April 26 Early 2022"]
[White "Ljukin, Sergei"]
[Black "Kejzar, Petra"]
[WhiteFideId "14102200"]
[BlackFideId "14610213"]
[WhiteElo "2312"]
[BlackElo "2003"]
[Result "1-0"]
[Round "01"]
[TimeControl "180+1"]
[Date "2022.04.26"]
[WhiteClock "0:01:18"]
[BlackClock "0:00:03"]

1. e4 c5 2. Nf3 e6 3. d4 cxd4 4. Nxd4 Nf6 5. Nc3 d6 6. Bg5 Be7 7. f4 O-O 8. Qf3 Nc6 9. O-O-O Nxd4 10. Rxd4 Qb6 11. Rd2 Bd7 12. e5 Bc6 13. Qd1 dxe5 14. fxe5 Nd5 15. Nxd5 Bxd5 16. Bxe7 Rfc8 17. Kb1 a5 18. Bd3 a4 19. a3 Rc7 20. Bd6 Rc6 21. Rf1 Rac8 22. Bxh7+ Kxh7 23. Qh5+ Kg8 24. Qxf7+ Kh7 25. Rd3 Bxg2 26. Rg3 Qxb2+ 27. Kxb2 Rxc2+ 28. Kb1 1-0


[Site "https://www.chess.com"]

[Event "Titled Tuesday Blitz April 26 Early 2022"]
[White "Lopez Del Alamo, Antonio"]
[Black "Yang, Kaiqi"]
[WhiteFideId "2227339"]
[BlackFideId "8604398"]
[WhiteElo "2082"]
[BlackElo "2373"]
[Result "1/2-1/2"]
[Round "01"]
[TimeControl "180+1"]
[Date "2022.04.26"]
[WhiteClock "0:00:08"]
[BlackClock "0:00:04"]

1. e4 d5 2. exd5 Qxd5 3. Nc3 Qd6 4. d4 c6 5. g3 Nf6 6. Bf4 Qd8 7. Bg2 Bg4 8. Nge2 e6 9. O-O Bd6 10. Qd2 O-O 11. Rfe1 Na6 12. a3 Nc7 13. Bxd6 Qxd6 14. h3 Bf5 15. Rad1 Rad8 16. Nf4 h6 17. Na4 e5 18. Rxe5 Bh7 19. Nc5 Rb8 20. c3 b6 21. Ne4 Nxe4 22. Bxe4 Bxe4 23. Rxe4 Rbd8 24. Qe3 Rd7 25. Re1 a5 26. h4 a4 27. Nd3 Nd5 28. Qe2 Rdd8 29. Ne5 Nf6 30. Re3 Qd5 31. Qc4 Qxc4 32. Nxc4 Nd5 33. R3e2 b5 34. Ne5 Rd6 35. Nd3 Nb6 36. Re8 Nc4 37. R1e7 g6 38. Kf1 Rxe8 39. Rxe8+ Kg7 40. Ne5 Nxb2 41. Re7 Rf6 42. Rc7 Nd1 43. Nd7 Re6 44. Ne5 Nxc3 45. Rxf7+ Kg8 46. Rc7 Nb1 47. Nxc6 Nxa3 48. d5 Rd6 49. Rb7 Kf8 50. Rb8+ Kf7 51. Nb4 Rd7 52. Ke2 Ke7 53. Rb6 Rd6 54. Rb7+ Rd7 55. Rb6 Rd6 56. Rb7+ Kd8 57. Kd3 Kc8 58. Rg7 Nc4 59. Kd4 a3 60. Kc5 h5 61. Ra7 Nd2 62. Rxa3 Ne4+ 63. Kd4 Nxf2 64. Ra7 Rd7 65. Ra6 Rg7 66. d6 g5 67. Kd5 gxh4 68. Kc6 Kb8 69. d7 Rg8 70. Nd5 Ne4 71. Nb6 Rg6+ 72. Kd5 Kc7 73. Kxe4 hxg3 74. Ra7+ Kxb6 75. d8=Q+ Kxa7 76. Qd7+ Ka6 77. Qd1 Rg4+ 78. Kf5 g2 79. Qg1 b4 80. Qa1+ Kb5 81. Qg1 b3 82. Qb1 Kb4 83. Qe1+ Ka3 84. Qa1+ Kb4 85. Qe1+ Kc4 86. Qe2+ Kc3 87. Qe1+ Kd3 88. Qd1+ Kc4 89. Qe2+ Kd4 90. Qd2+ Kc4 91. Qe2+ 1/2-1/2


[Site "https://www.chess.com"]

[Event "Titled Tuesday Blitz April 26 Early 2022"]
[White "Lou, Yiping"]
[Black "Zor, Alber Kadir"]
[WhiteFideId "8603928"]
[BlackFideId "6353169"]
[WhiteElo "2412"]
[BlackElo "1966"]
[Result "1-0"]
[Round "01"]
[TimeControl "180+1"]
[Date "2022.04.26"]
[WhiteClock "0:02:17"]
[BlackClock "0:01:33"]

1. d4 Nf6 2. c4 c5 3. d5 b5 4. cxb5 a6 5. bxa6 g5 6. Nc3 Bg7 7. Bxg5 Bxa6 8. Nf3 d6 9. g3 Nbd7 10. Bg2 Qa5 11. O-O O-O 12. Qd2 Rab8 13. Rab1 Nb6 14. Bh6 Nc4 15. Qg5 1-0


[Site "https://www.chess.com"]

[Event "Titled Tuesday Blitz April 26 Early 2022"]
[White "Lucas, Arthur"]
[Black "Demchenko, Anton"]
[WhiteFideId "26093073"]
[BlackFideId "4160258"]
[WhiteElo "2129"]
[BlackElo "2539"]
[Result "0-1"]
[Round "01"]
[TimeControl "180+1"]
[Date "2022.04.26"]
[WhiteClock "0:00:18"]
[BlackClock "0:01:18"]

1. e4 e5 2. Nf3 Nc6 3. Bc4 Nf6 4. d4 exd4 5. e5 Ne4 6. O-O d5 7. Bb5 Bg4 8. Qxd4 Bc5 9. Qd1 O-O 10. Bxc6 bxc6 11. h3 Bh5 12. Bf4 f6 13. g4 fxe5 14. Bxe5 Bg6 15. Nd4 Qh4 16. f4 Qg3+ 17. Kh1 Qxh3+ 18. Kg1 Qg3+ 19. Kh1 Bxd4 20. Qxd4 Qh3+ 21. Kg1 Qxg4+ 22. Kh1 Ng3+ 23. Kg2 Ne2+ 0-1


[Site "https://www.chess.com"]

[Event "Titled Tuesday Blitz April 26 Early 2022"]
[White "Makarian, Rudik"]
[Black "Sargissyan, Sargis"]
[WhiteFideId "44105681"]
[BlackFideId "13303210"]
[WhiteElo "2388"]
[BlackElo "2174"]
[Result "1-0"]
[Round "01"]
[TimeControl "180+1"]
[Date "2022.04.26"]
[WhiteClock "0:01:07"]
[BlackClock "0:00:08"]

1. b3 d5 2. Bb2 Nf6 3. e3 g6 4. Bxf6 exf6 5. Nf3 Bd6 6. d4 O-O 7. Be2 Be6 8. O-O Nd7 9. c4 c6 10. Nc3 f5 11. cxd5 cxd5 12. a3 Nf6 13. b4 Ne4 14. Qb3 Rc8 15. Rac1 Nxc3 16. Rxc3 Rxc3 17. Qxc3 Qc7 18. Qxc7 Bxc7 19. Rc1 Bd6 20. g3 a5 21. bxa5 Ra8 22. Rb1 Rxa5 23. Rxb7 Rxa3 24. Bb5 h6 25. Bd7 Ra6 26. h4 Kf8 27. Kg2 Ra8 28. Bxe6 fxe6 29. Rh7 Kg8 30. Rd7 Ra6 31. Ne1 Kf8 32. Nd3 Rc6 33. Kf3 g5 34. hxg5 hxg5 35. g4 fxg4+ 36. Kxg4 Be7 37. Ne5 Rc2 38. Ng6+ Kf7 39. Nxe7 Ke8 40. Ra7 Rxf2 41. Nc6 Kf8 42. Ne5 Re2 43. Kxg5 Rxe3 44. Kf6 Kg8 1-0


[Site "https://www.chess.com"]

[Event "Titled Tuesday Blitz April 26 Early 2022"]
[White "Maksimenko, Viktor"]
[Black "Oye-Stromberg, Alexander"]
[WhiteFideId "13710478"]
[BlackFideId "1525999"]
[WhiteElo "2269"]
[BlackElo "1934"]
[Result "0-1"]
[Round "01"]
[TimeControl "180+1"]
[Date "2022.04.26"]
[WhiteClock "0:00:41"]
[BlackClock "0:00:43"]

1. d4 Nf6 2. c4 e6 3. Nf3 d5 4. g3 Be7 5. Bg2 O-O 6. Nc3 dxc4 7. Ne5 Nc6 8. Bxc6 bxc6 9. Nxc6 Qe8 10. Nxe7+ Qxe7 11. Qa4 e5 12. dxe5 Qxe5 13. Qxc4 Bh3 14. Bf4 Qf5 15. O-O-O Rfe8 16. f3 Qa5 17. e4 Bg2 18. Rhf1 Bxf1 19. Rxf1 c6 20. g4 Nd7 21. Rd1 Ne5 22. Bxe5 Qxe5 23. Rd2 Qf4 24. Qxc6 Rad8 25. Nd5 Qxf3 26. e5 Rc8 27. Ne7+ Kf8 28. Qxc8 Rxc8+ 29. Nxc8 Qf1+ 30. Rd1 Qc4+ 31. Kd2 Qxc8 32. Ke3 Qxg4 33. Rd8+ Ke7 34. Ra8 Ke6 35. Rxa7 Qg1+ 0-1


[Site "https://www.chess.com"]

[Event "Titled Tuesday Blitz April 26 Early 2022"]
[White "Martic, Ivan"]
[Black "De Arruda, Leandro Formes"]
[WhiteFideId "929301"]
[BlackFideId "22722009"]
[WhiteElo "2317"]
[BlackElo "1852"]
[Result "1-0"]
[Round "01"]
[TimeControl "180+1"]
[Date "2022.04.26"]
[WhiteClock "0:00:19"]
[BlackClock "0:00:02"]

1. d4 d5 2. Nf3 Nf6 3. Bf4 e6 4. e3 Bd6 5. Bd3 Bxf4 6. exf4 Qd6 7. Qc1 b6 8. O-O Ba6 9. Bxa6 Nxa6 10. c3 O-O 11. Nbd2 c5 12. g3 cxd4 13. Nxd4 Rac8 14. Qd1 Nc5 15. N2f3 Nfe4 16. Qe2 Rce8 17. a4 f6 18. a5 e5 19. fxe5 fxe5 20. Nb5 Qe7 21. axb6 axb6 22. Ra7 Qf6 23. Nh4 Ng5 24. Nc7 Rd8 25. Kg2 e4 26. Qg4 Nd3 27. f4 exf3+ 28. Kh1 Ne5 29. Qd4 f2 30. Nxd5 Qe6 31. c4 Nh3 32. Kg2 b5 33. b3 bxc4 34. bxc4 Rd6 35. Qe4 Rdd8 36. Re7 Qd6 37. Qxe5 Qxe5 38. Rxe5 Rc8 39. Kxh3 Rxc4 40. Kg2 Rc2 41. Re3 Rd2 42. Ne7+ Kf7 43. Nef5 g5 44. Re7+ Kf6 45. Re3 gxh4 46. Nxh4 Rg8 47. Rf3+ Kg7 48. R1xf2 Rxf2+ 49. Rxf2 Kh6 50. Rf3 Kh5 51. Rf5+ Kh6 52. Rf2 Kh5 53. Re2 Kg5 54. h3 h5 55. Nf3+ Kh6 56. Re6+ Kh7 57. Re7+ Kh6 58. Nd4 Rd8 59. Re6+ Kg5 60. Re4 Kf6 61. Kf3 Re8 62. Rxe8 1-0


[Site "https://www.chess.com"]

[Event "Titled Tuesday Blitz April 26 Early 2022"]
[White "Martin Carmona, Gaston Manuel"]
[Black "Sarana, Alexey"]
[WhiteFideId "22284567"]
[BlackFideId "24133795"]
[WhiteElo "2146"]
[BlackElo "2666"]
[Result "0-1"]
[Round "01"]
[TimeControl "180+1"]
[Date "2022.04.26"]
[WhiteClock "0:00:04"]
[BlackClock "0:00:42"]

1. d4 Nf6 2. Nf3 e6 3. c4 d5 4. g3 Bb4+ 5. Bd2 Be7 6. Bg2 c6 7. O-O Nbd7 8. Qc2 b6 9. Bf4 Ba6 10. Ne5 Rc8 11. Rd1 Nxe5 12. dxe5 Nd7 13. cxd5 cxd5 14. Qa4 Bxe2 15. Re1 Bc4 16. Nd2 a5 17. Nxc4 Rxc4 18. Qb3 O-O 19. Rac1 Rb4 20. Qc2 Bc5 21. a3 Rc4 22. Qb3 Rxc1 23. Rxc1 g5 24. Be3 d4 25. Bd2 Nxe5 26. Bxa5 Qd6 27. Bd2 d3 28. Qa4 h6 29. h4 Nf3+ 30. Bxf3 Qxg3+ 31. Bg2 Qxf2+ 32. Kh2 Qxd2 33. Rd1 Qe3 34. Qc4 Bd6+ 35. Kh1 Qg3 36. Kg1 Rd8 37. b4 Bf4 38. hxg5 hxg5 39. Rf1 d2 40. Qe2 Be3+ 41. Kh1 Qh4+ 0-1


[Site "https://www.chess.com"]

[Event "Titled Tuesday Blitz April 26 Early 2022"]
[White "Martin, Lewis"]
[Black "Szpar, Milosz"]
[WhiteFideId "410551"]
[BlackFideId "1184989"]
[WhiteElo "2145"]
[BlackElo "2447"]
[Result "0-1"]
[Round "01"]
[TimeControl "180+1"]
[Date "2022.04.26"]
[WhiteClock "0:00:13"]
[BlackClock "0:00:43"]

1. e4 c5 2. Nf3 e6 3. d4 cxd4 4. Nxd4 Nf6 5. Nc3 Nc6 6. g3 Bb4 7. Bg2 O-O 8. O-O d6 9. Be3 Bd7 10. Ndb5 Qb8 11. a3 Bc5 12. Bg5 a6 13. b4 Bxf2+ 14. Rxf2 axb5 15. Bxf6 gxf6 16. Nxb5 Ne5 17. Nxd6 Kg7 18. c4 b6 19. c5 bxc5 20. bxc5 Qc7 21. Qc1 Nd3 22. Qc3 Nxf2 23. Kxf2 Ra5 24. Rc1 Rfa8 25. e5 Rxa3 26. exf6+ Kf8 27. Qe5 Ra2+ 28. Kg1 Rxg2+ 29. Kxg2 Qc6+ 30. Kh3 Qf3 31. Qg5 e5+ 32. Kh4 Ra4+ 33. Rc4 Rxc4+ 34. Nxc4 Qe4+ 35. Kh5 Qe2+ 36. Kh6 Qxh2+ 37. Qh5 Qxh5+ 38. Kxh5 e4 39. Kh6 Bf5 40. Ne3 Bg6 41. Kg5 Ke8 42. Kf4 Kd7 43. Ke5 Kc6 44. Kd4 h5 45. Nc4 Kd7 46. Ke5 Bh7 47. Kf4 Ke6 48. Kg5 Kd5 49. Ne3+ Kxc5 50. Kxh5 Kd4 51. Ng2 e3 52. Kg4 e2 53. Kf3 Be4+ 54. Kxe2 Bxg2 55. Kf2 Be4 56. g4 Bg6 57. Kg3 Ke5 58. g5 Kf5 59. Kh4 Kf4 60. Kh3 Kxg5 0-1


[Site "https://www.chess.com"]

[Event "Titled Tuesday Blitz April 26 Early 2022"]
[White "Matamoros Franco, Carlos S."]
[Black "Mangialardo, Tiago Carvalho"]
[WhiteFideId "3600017"]
[BlackFideId "2130718"]
[WhiteElo "2554"]
[BlackElo "2052"]
[Result "1-0"]
[Round "01"]
[TimeControl "180+1"]
[Date "2022.04.26"]
[WhiteClock "0:00:18"]
[BlackClock "0:00:01"]

1. Nf3 Nf6 2. c4 g6 3. g3 Bg7 4. Bg2 O-O 5. O-O c5 6. Nc3 Nc6 7. d4 d6 8. dxc5 dxc5 9. Be3 Qa5 10. Qb3 Ng4 11. Bf4 Nd4 12. Nxd4 cxd4 13. Nd5 Qc5 14. Qb5 Qxb5 15. Nxe7+ Kh8 16. cxb5 Bd7 17. Bxb7 Rae8 18. Bd6 Be5 19. Bxe5+ Nxe5 20. Nc6 Nc4 21. Nxd4 Nxb2 22. a4 Nc4 23. Rfc1 Nd6 24. Bc6 Rd8 25. Bxd7 Rxd7 26. e3 Ne4 27. Rc6 Nd2 28. Rac1 Ne4 29. Rc8 Rfd8 30. Rxd8+ Rxd8 31. Rc7 a5 32. Rxf7 Nc3 33. Ra7 Nxa4 34. Rxa5 Nb6 35. Ra6 Nd5 36. Rc6 Rb8 37. Rc5 Ne7 38. Nc6 Rc8 39. Re5 Nxc6 40. bxc6 Rxc6 41. g4 Kg7 42. h3 Kf6 43. Ra5 h6 44. Kg2 Rc2 45. h4 Rc4 46. Kf3 Rc3 47. g5+ hxg5 48. hxg5+ Ke6 49. Kg3 Rc4 50. f4 Rc3 51. Kf3 Kf7 52. Ra6 Kg7 53. Rd6 Kf7 54. Ke4 Rc4+ 55. Rd4 Rc6 56. Rd7+ Ke6 57. Rg7 1-0


[Site "https://www.chess.com"]

[Event "Titled Tuesday Blitz April 26 Early 2022"]
[White "Matveeva, Olga"]
[Black "Urazayev, Arystanbek"]
[WhiteFideId "24107018"]
[BlackFideId "13709810"]
[WhiteElo "2083"]
[BlackElo "2422"]
[Result "0-1"]
[Round "01"]
[TimeControl "180+1"]
[Date "2022.04.26"]
[WhiteClock "0:00:31"]
[BlackClock "0:01:45"]

1. d4 Nf6 2. c4 g6 3. g3 Bg7 4. Bg2 O-O 5. Nf3 d6 6. Nc3 c5 7. d5 a6 8. a4 e6 9. O-O exd5 10. cxd5 Re8 11. Nd2 Nbd7 12. h3 Rb8 13. Nc4 Nb6 14. Na3 Nfd7 15. a5 Na8 16. Nc4 Ne5 17. Nxe5 Bxe5 18. e4 Nc7 19. Kh2 Nb5 20. Nxb5 axb5 21. f4 Bd4 22. Ra3 Ra8 23. b4 b6 24. Rd3 Bg7 25. axb6 Qxb6 26. bxc5 Qxc5 27. Be3 Qc4 28. Bd4 Ra2 29. Bxg7 Kxg7 30. Qf3 Qxe4 31. Qxe4 Rxe4 32. Rb3 Ree2 33. Rg1 Bf5 34. g4 Be4 0-1


[Site "https://www.chess.com"]

[Event "Titled Tuesday Blitz April 26 Early 2022"]
[White "Meduri, Aakaash"]
[Black "Moiseenko, Alexander"]
[WhiteFideId "2032252"]
[BlackFideId "14102560"]
[WhiteElo "2096"]
[BlackElo "2577"]
[Result "0-1"]
[Round "01"]
[TimeControl "180+1"]
[Date "2022.04.26"]
[WhiteClock "0:00:03"]
[BlackClock "0:00:16"]

1. d4 Nf6 2. Nc3 d5 3. Bf4 c5 4. e3 a6 5. Nf3 e6 6. Ne5 cxd4 7. exd4 Nc6 8. a3 Be7 9. Be2 O-O 10. O-O Nxe5 11. Bxe5 Bd7 12. Bd3 Bc6 13. f4 Ne4 14. f5 exf5 15. Rxf5 f6 16. Bxe4 dxe4 17. Bg3 Qd7 18. Rh5 Rad8 19. d5 g6 20. dxc6 Qxd1+ 21. Rxd1 Rxd1+ 22. Nxd1 gxh5 23. cxb7 Bc5+ 24. Kf1 Ba7 25. Nc3 f5 26. Nd5 Kf7 27. Nb6 f4 28. Bxf4 Ke6 29. g3 Bxb6 30. b8=Q Rxb8 31. Bxb8 Be3 32. b3 Kd5 33. Ke2 Bd4 34. Bf4 Bc5 35. a4 Bd4 36. Be3 Be5 37. Bb6 Bc3 38. Ke3 Ke5 39. Bc7+ Kd5 40. Bb6 Ke5 41. h3 Kd5 42. g4 hxg4 43. hxg4 Ke5 44. Bc7+ Kd5 45. Bg3 Bb2 46. Ke2 Kd4 47. Bf2+ Kc3 48. Kd1 Ba3 49. Be3 Bd6 50. g5 Bc7 51. Bd2+ Kb2 52. Be3 Kc3 53. Bd2+ Kb2 54. Bb4 e3 55. Bc5 Bf4 56. b4 Bxg5 57. b5 axb5 58. axb5 Bf4 59. b6 h5 60. b7 h4 61. Bxe3 Bb8 62. c4 h3 63. Bg1 Kc3 64. c5 Kc4 65. c6 Kd5 66. Ba7 h2 67. Bxb8 h1=Q+ 68. Kc2 Kxc6 69. Ba7 Kxb7 70. Bd4 Qg2+ 71. Kb3 Qd5+ 72. Kc3 Kc6 73. Kd3 Qb5+ 74. Kc3 Qh5 75. Be3 Qg4 76. Kd3 Kd5 77. Bd2 Qe4+ 78. Kc3 Qc4+ 79. Kb2 Ke4 80. Ba5 Kd3 81. Be1 Qc2+ 82. Ka3 Qb1 83. Ka4 Kc4 84. Ka5 Qb5# 0-1


[Site "https://www.chess.com"]

[Event "Titled Tuesday Blitz April 26 Early 2022"]
[White "Melikhov, Evgeny V."]
[Black "Li, Ben"]
[WhiteFideId "4122046"]
[BlackFideId "2089980"]
[WhiteElo "1931"]
[BlackElo "2267"]
[Result "0-1"]
[Round "01"]
[TimeControl "180+1"]
[Date "2022.04.26"]
[WhiteClock "0:00:04"]
[BlackClock "0:00:23"]

1. d4 d5 2. c4 e6 3. Nc3 Bb4 4. cxd5 exd5 5. Nf3 Nf6 6. Bg5 Nbd7 7. e3 c5 8. dxc5 Qa5 9. Bxf6 Nxf6 10. Nd2 Bxc3 11. bxc3 Qxc5 12. Rc1 O-O 13. Be2 Re8 14. O-O Be6 15. Nb3 Qb6 16. Nd4 Rac8 17. Qb3 Qc7 18. Bf3 Qd7 19. Qb5 Qe7 20. Rb1 Rc7 21. Rb3 Rec8 22. Qb4 Qd7 23. Ne2 Bg4 24. Bxg4 Nxg4 25. h3 Nf6 26. Rd1 b6 27. Qb5 Qe7 28. Qb4 Qe5 29. Qd4 Qf5 30. Qd3 Qe5 31. Qd4 Qe7 32. Nf4 Rc5 33. Ne2 Ne4 34. Qd3 h6 35. Qd4 Qg5 36. Ra3 R8c7 37. Rb3 Qf5 38. Ra3 Qxf2+ 0-1


[Site "https://www.chess.com"]

[Event "Titled Tuesday Blitz April 26 Early 2022"]
[White "Mirzoev, Azer"]
[Black "Kuznetsov, Mikhail"]
[WhiteFideId "13400304"]
[BlackFideId "4117190"]
[WhiteElo "2525"]
[BlackElo "1981"]
[Result "1-0"]
[Round "01"]
[TimeControl "180+1"]
[Date "2022.04.26"]
[WhiteClock "0:00:36"]
[BlackClock "0:00:16"]

1. c4 Nf6 2. Nc3 d5 3. cxd5 Nxd5 4. g3 g6 5. Bg2 Nb6 6. h4 h5 7. Nf3 Bg7 8. d3 O-O 9. O-O Nc6 10. Bg5 Nd4 11. Nxd4 Bxd4 12. Rc1 c6 13. Qd2 Be6 14. a3 Qd7 15. Ne4 Bd5 16. Nc5 Qc7 17. Bf4 e5 18. Bh6 Rfe8 19. Ne4 Bxe4 20. Bxe4 Nd7 21. b4 Nf6 22. Bf3 Rad8 23. e3 Bb6 24. Qe2 e4 25. dxe4 Nxe4 26. Bf4 Qc8 27. Rfd1 Rxd1+ 28. Qxd1 Nf6 29. Kg2 Rd8 30. Qc2 Nd5 31. Bg5 Rd7 32. Rd1 Nc7 33. Bf6 Rxd1 34. Qxd1 Ne6 35. Ba1 Qd8 36. Qc2 Kf8 37. Qc3 Qe8 38. Qh8+ Ke7 39. Qf6+ Kf8 40. Be4 Bd8 41. Qe5 Bc7 42. Qh8+ Ke7 43. Qf6+ Kf8 44. Bxg6 Bd8 45. Qh8+ Ke7 46. Qxe8+ Kxe8 47. Bxh5 1-0


[Site "https://www.chess.com"]

[Event "Titled Tuesday Blitz April 26 Early 2022"]
[White "Molina, Roberto Junio Brito"]
[Black "Gutierrez Olivares, Daniel"]
[WhiteFideId "2109450"]
[BlackFideId "2264005"]
[WhiteElo "2432"]
[BlackElo "2317"]
[Result "0-1"]
[Round "01"]
[TimeControl "180+1"]
[Date "2022.04.26"]
[WhiteClock "0:00:02"]
[BlackClock "0:00:52"]

1. d4 Nf6 2. c4 e6 3. Nf3 c5 4. d5 exd5 5. cxd5 Bd6 6. Nc3 O-O 7. e4 Re8 8. Bd3 Bc7 9. O-O d6 10. Bg5 a6 11. a4 Nbd7 12. Re1 h6 13. Bh4 Nf8 14. Qc2 Ng6 15. Bg3 Nh5 16. Nd2 Nhf4 17. Bf1 h5 18. f3 h4 19. Bf2 Qg5 20. Kh1 Ne5 21. Be3 Neg6 22. Nc4 Bd7 23. a5 Bb5 24. Qf2 Qh5 25. Kg1 Bxc4 26. Bxc4 Ne5 27. Bf1 Nfd3 28. Bxd3 Nxd3 29. Qd2 Nxe1 30. Qxe1 h3 31. g4 Qg6 32. Qg3 Rab8 33. Qxh3 b6 34. axb6 Rxb6 35. Ra2 Reb8 36. Bc1 Bd8 37. Qg3 Bf6 38. Nd1 Bd4+ 39. Kg2 Rb3 40. Rxa6 Be5 41. Qf2 Rd3 42. Qe2 Rbb3 43. Ne3 Qh6 44. Ra8+ Kh7 45. Ra3 Qxh2+ 46. Kf1 Qh1+ 47. Kf2 Bh2 48. Qc2 Qg1+ 49. Ke2 Rxe3+ 50. Bxe3 Qxe3+ 51. Kd1 Qxf3+ 52. Kc1 Qf1+ 53. Kd2 Bf4# 0-1


[Site "https://www.chess.com"]

[Event "Titled Tuesday Blitz April 26 Early 2022"]
[White "Moroni, Luca Jr"]
[Black "Avazkhonov, Alikhon"]
[WhiteFideId "865834"]
[BlackFideId "14208504"]
[WhiteElo "2573"]
[BlackElo "1739"]
[Result "1-0"]
[Round "01"]
[TimeControl "180+1"]
[Date "2022.04.26"]
[WhiteClock "0:00:46"]
[BlackClock "0:00:38"]

1. d4 d5 2. Bf4 Nf6 3. e3 e6 4. Nf3 Bd6 5. Nbd2 O-O 6. Bd3 Bxf4 7. exf4 c5 8. dxc5 Qc7 9. g3 Qxc5 10. O-O b6 11. Qe2 Bb7 12. c3 Nc6 13. Rfe1 Rad8 14. Rac1 Qd6 15. Nb3 Rfe8 16. Nbd4 Nxd4 17. Nxd4 Ne4 18. f3 Nc5 19. Bb1 Ba6 20. Qe3 f6 21. b4 Na4 22. Nxe6 Nxc3 23. Rxc3 d4 24. Qe4 f5 25. Qxf5 g6 26. Qf6 Qe7 27. Qxe7 Rxe7 28. Rc7 Rde8 29. Rxe7 Rxe7 30. Be4 d3 31. Nd4 Rd7 32. Nb3 1-0


[Site "https://www.chess.com"]